Unix NetHack Version 3.7.0-94 Work-in-progress - last build Dec 18 2023 00:11:04 (7e3deff068b9ef4f2ebb9a71ea0f5c4a3b578a14,branch:master). Game began 2023-12-24 09:55:39, ended 2023-12-24 10:10:25. elenmirie, neutral female human Tourist ----- #....| ----- #|..[| |<..| #|....## |...-### #----- # .^..| # ####### ###### #### -.--- # ------|- # ###### ###|......| # #######0## ## |.{....| # 0############## ###.......| ## #--------.-# #@a # |......| # *|.........### i # -------- # #.........|#### ## ## # |......>.|##### -.-.-+---### # |........+# ## |.......|# --------# |........| #### |.......|# |?/.]%(|# ---------- # |........# |*+**/.|# ##........| |.(]?*.-# |.......| -------- --------- Elenmirie the Sightseer St:12 Dx:13 Co:14 In:12 Wi:9 Ch:18 Neutral Dlvl:5 $:665 HP:0(26) Pw:7(7) AC:4 Xp:3/65 T:2615 Latest messages: You miss the imp. The imp misses! You miss the imp. The imp hits! You miss the imp. The imp hits! You hit the imp. The imp hits! You miss the imp. The imp hits! The imp casts aspersions on your ancestry. What do you want to drink? [tEI or ?*] ? You feel much better. The imp hits! You miss the imp. The imp hits! "Come here often?" You miss the imp. The imp just misses! You miss the imp. The imp just misses! "Up thy nose with a rubber hose!" You hit the imp. The imp hits! You hit the imp. The imp misses! You miss the imp. The imp hits! You miss the imp. The imp misses! "Methinks thou wert unnaturally stirred by yon corpse back there, eh, varlet?" You miss the imp. The imp hits! You miss the imp. The imp hits! You hit the imp. The imp hits! You miss the imp. The imp hits! You miss the imp. The imp hits! You miss the imp. The giant ant bites! The imp hits! You die... Do you want your possessions identified? [ynq] (y) y Do you want to see your attributes? [ynq] (y) y Do you want an account of creatures vanquished? [ynaq] (y) y Do you want to see your conduct and achievements? [ynq] (y) y Do you want to see the dungeon overview? [ynq] (y) y Inventory: Coins $ - 665 gold pieces Weapons a - 31 uncursed +2 darts (at the ready) x - 8 uncursed +0 darts B - an uncursed +0 dagger (alternate weapon; not wielded) Armor m - a blessed rustproof +0 orcish helm (being worn) j - an uncursed +0 Hawaiian shirt with a jellyfish motif (being worn) q - an uncursed +0 elven mithril-coat (being worn) Comestibles b - 9 uncursed food rations u - an uncursed tripe ration Scrolls G - an uncursed scroll of amnesia n - an uncursed scroll of destroy armor o - an uncursed scroll of enchant weapon y - a cursed scroll of identify i - a blessed scroll of magic mapping h - 3 uncursed scrolls of magic mapping p - an uncursed scroll of teleportation Potions t - an uncursed potion of confusion E - an uncursed potion of paralysis Wands w - an uncursed wand of digging (0:3) Tools k - an uncursed expensive camera (0:60) s - an uncursed mirror e - an uncursed skeleton key H - an uncursed towel Elenmirie the Tourist's attributes: Background: You were a Sightseer, a level 3 female human Tourist. You were neutral, nominally on a mission for The Lady who was opposed by Blind Io (lawful) and Offler (chaotic). You were right-handed. You were in the Dungeons of Doom, on level 5. You entered the dungeon 2615 turns ago. You had 65 experience points, 15 more were needed to attain level 4. Basics: You had 0 out of 26 hit points. You had all 7 energy points (spell power). Your armor class was 4. Your wallet contained 665 zorkmids. Autopickup was on for '$' plus thrown. Final Characteristics: Your strength was 12 (limit:18/100). Your dexterity was 13 (limit:18). Your constitution was 14 (limit:18). Your intelligence was 12 (limit:18). Your wisdom was 9 (limit:18). Your charisma was 18 (limit:18). Final Status: You weren't hungry. You were unencumbered. You were bare handed. You were unskilled in bare handed combat. Final Attributes: You were piously aligned. You were guarded. You are dead. Miscellaneous: You never encountered a bones level. Total elapsed playing time was 14 minutes and 42 seconds. Major events: Turn 1: elenmirie the neutral female human Tourist entered the dungeon 760: entered the Gnomish Mines 2304: attained the rank of Sightseer (level 3) 2615: killed by an imp Vanquished creatures: a shrieker 2 werejackals an iguana 2 coyotes a hobbit a large kobold a yellow mold a gnome 2 geckos 13 jackals 2 goblins 2 sewer rats 6 grid bugs 2 lichens 2 kobold zombies 4 newts 43 creatures vanquished. No species were genocided or became extinct. Voluntary challenges: You were an atheist. You were illiterate. You never engraved Elbereth. You never genocided any monsters. You never polymorphed an object. You never changed form. You used no wishes. Achievements: You entered the Gnomish Mines. You attained the rank of Sightseer. You entered a shop. The Dungeons of Doom: levels 1 to 5 Level 1: Level 2: Stairs down to The Gnomish Mines. Level 3: A fountain, a sink. Level 4: Level 5: <- You were here. A general store, a fountain. Final resting place for you, killed by an imp. The Gnomish Mines: Level 3: Game over: ---------- / \ / REST \ / IN \ / PEACE \ / \ | elenmirie | | 665 Au | | killed by an imp | | | | | | | | 2023 | *| * * * | * _________)/\\_//(\/(/\)/\//\/|_)_______ Aloha elenmirie the Tourist... You died in The Dungeons of Doom on dungeon level 5 with 480 points, and 665 pieces of gold, after 2615 moves. You were level 3 with a maximum of 26 hit points when you died.